 Dungeon Crawl Stone Soup version 0.29-a0-551-gffc1d7fb78 (webtiles) character file.

Game seed: 6282311496468879439

213 Hubjo the Skirmisher (level 5, 0/43 HPs)
             Began as a Demonspawn Wanderer on June 5, 2022.
             Was a Follower of Ashenzari.
             Slain by an orc wizard
             ... wielding a +0 dagger
              (3 damage)
             ... on level 4 of the Dungeon.
             The game lasted 00:05:43 (3432 turns).

Hubjo the Skirmisher (Demonspawn Wanderer)          Turns: 3432, Time: 00:05:44

Health: 0/43       AC:  4    Str: 13    XL:     5   Next: 59%
Magic:  6/7        EV: 10    Int: 13    God:    Ashenzari [*.....]
Gold:   214        SH:  0    Dex: 14    Spells: 7/7 levels left

rFire   . . .      SeeInvis .   a - +4 quarterstaff "Gloom of the Soothsayer" {venom, Melee, Bglg} (curse)
rCold   . . .      Faith    .   (shield currently unavailable)
rNeg    . . .      Spirit   .   e - +0 leather armour
rPois   .          Reflect  .   (no helmet)
rElec   .          Harm     .   (no cloak)
rCorr   .          Rampage  .   (no gloves)
Will    .....                   (no boots)
Stlth   ++........              (no amulet)
HPRegen 0.14/turn               (no ring)
MPRegen 0.20/turn               (no ring)

@: hasted, very quick
A: rugged brown scales 1, foul stench 1, magic regeneration
a: Renounce Religion, Curse Item, Shatter the Chains


You were on level 4 of the Dungeon.
You worshipped Ashenzari.
Ashenzari was aware of your devotion.
You visited 1 branch of the dungeon, and saw 4 of its levels.

You collected 214 gold pieces.

Inventory:

Hand Weapons
 a - the cursed +4 quarterstaff "Gloom of the Soothsayer" (weapon) {venom, Melee, Bglg}

   It poisons the flesh of those it strikes.
   It has a curse which improves the following skills: Melee Combat: Short
   Blades, Long Blades, Axes, Maces & Flails, Polearms, Staves and Unarmed
   Combat.
   Beguiling: Conjurations, Hexes and Translocations.
 c - a +0 dagger
 m - a +1 spear of freezing
Missiles
 b - 8 poisoned darts (quivered)
Armour
 e - a +0 leather armour (worn)
Jewellery
 p - a +4 ring of evasion
Scrolls
 d - a scroll of fog
 f - a scroll of poison
 g - a scroll of enchant armour
 h - a scroll of amnesia
 o - a scroll of magic mapping
Potions
 i - a potion of invisibility
 j - 2 potions of flight
 k - 2 potions of degeneration
 l - 2 potions of brilliance
 n - a potion of haste


   Skills:
 + Level 4.0 Fighting
 - Level 1.7(2.4) Staves
 - Level 3.6 Throwing
 - Level 1.0 Armour
 + Level 2.7 Stealth
 + Level 1.7 Spellcasting
 + Level 1.3(2.0) Conjurations
 - Level 1.0 Air Magic


You had 7 spell levels left.
You didn't know any spells.
Your spell library contained the following spells:

 Spells                   Type           Power      Damage    Failure   Level
 Static Discharge         Conj/Air       5%         N/A       26%         2
 Apportation              Tloc           2%         N/A       32%         1
 Necrotize                Necr           4%         1d4       32%         1
 Summon Small Mammal      Summ           4%         N/A       32%         1
 Poisonous Vapours        Pois/Air       4%         N/A       38%         2
 Call Canine Familiar     Summ           1%         N/A       69%         3
 Summon Guardian Golem    Hex/Summ       1%         N/A       69%         3


Dungeon Overview and Level Annotations

Branches:
Dungeon (4/15)
 Temple: D:4-7

Altars:
Ashenzari
Fedhas
Gozag
Vehumet
Yredelemnul
Zin


Innate Abilities, Weirdness & Mutations

You are partially covered in rugged brown scales. (AC +1, +3% HP)
You may rarely emit foul miasma when damaged in melee.
You regenerate magic rapidly.


Message History

You barely miss the hound. The hound bites you. Something hits you.
An endoplasm comes into view.
You miss the hound. The hound barely misses you. Something hits you.
* * * LOW HITPOINT WARNING * * *
Something hits you.
* * * LOW HITPOINT WARNING * * *
The endoplasm quivers.
You sock the hound!
The hound is poisoned.
The hound is heavily wounded.
You feel less confused. The hound closely misses you.
The hound pauses to sniff the ground.
The hound completely misses you.
You sock the orc priest!
The orc priest is poisoned.
The orc priest is severely wounded.
The orc priest hits you with a +0 war axe.
* * * LOW HITPOINT WARNING * * *
Something hits you.
* * * LOW HITPOINT WARNING * * *
You emit a cloud of foul miasma!
Something hits you but does no damage. The hound bites you but does no damage.
You sock the orc priest!
You kill the orc priest!
Something hits you but does no damage.
Reactivating autopickup.
You feel a bit more experienced. The hound bites you but does no damage.
Your Conjurations skill increases to level 1!
You closely miss the hound.
The hound is severely wounded.
The hound bites you but does no damage.
You thump the hound!
You kill the hound!
Something hits you.
* * * LOW HITPOINT WARNING * * *
Deactivating autopickup; reactivate with Ctrl-A.
Your Fighting skill increases to level 4!
You closely miss something. Something hits you.
* * * LOW HITPOINT WARNING * * *
You closely miss something. Something hits you.
You die...

. .. #.#.........####
....>. #.#.............
...#.. #.#.....<....###
...... #.#....###...###
......###.##+#..........
.......).....##.......##
....$........##........#
#+#...ยง{)....##........#
#..J.@)...............
#....................#
.......................#
.......................#
...................#.#.#
...................#.#..
...................#.###
.............#######.


You could see an endoplasm.

Vanquished Creatures
  A hound (D:4)
  An orc priest (D:4)
  Jessica (D:2)
  An orc wizard (D:4)
  2 adders
  A worm (D:2)
  3 dart slugs
  6 orcs
  4 bats
  11 endoplasms
  A giant cockroach (D:1)
  9 goblins
  4 hobgoblins
  6 jackals (D:1)
  3 quokkas
  4 ball pythons
  7 frilled lizards
  8 kobolds (D:1)
  9 rats
82 creatures vanquished.

Vanquished Creatures (others)
  8 plants (D:1)
8 creatures vanquished.

Grand Total: 90 creatures vanquished

Notes
Turn   | Place    | Note
-------+----------+-------------------------------------------
     0 | D:1      | Hubjo the Demonspawn Wanderer began the quest for the Orb.
     0 | D:1      | Hubjo set off with the following items: a +2 quarterstaff,
                  | 8 poisoned darts, a +0 dagger, a potion of haste, a +0
                  | leather armour; and the following spells available to
                  | memorise: Poisonous Vapours, Static Discharge
     0 | D:1      | Reached XP level 1. HP: 15/15 MP: 2/2
   178 | D:1      | Gained mutation: You may rarely emit foul miasma when
                  | damaged in melee. [demonic ancestry]
   178 | D:1      | Reached XP level 2. HP: 16/22 MP: 3/3
   182 | D:1      | HP: 1/22 [jackal (1)]
   185 | D:1      | Reached skill level 2 in Fighting
   550 | D:1      | Reached skill level 1 in Stealth
   930 | D:1      | Gained mutation: You regenerate magic rapidly. [demonic
                  | ancestry]
   930 | D:1      | Reached XP level 3. HP: 25/28 MP: 4/4
  1885 | D:2      | Reached skill level 3 in Fighting
  2051 | D:2      | Found an opulent altar of Gozag.
  2054 | D:2      | You fall into a shaft and drop 1 floor!
  2284 | D:2      | Reached XP level 4. HP: 35/35 MP: 5/5
  2389 | D:2      | Noticed Jessica
  2402 | D:2      | Killed Jessica
  2476 | D:2      | Found a faded altar of an unknown god.
  2491 | D:2      | Prayed at the altar of an unknown god.
  2491 | D:2      | Became a worshipper of Ashenzari the Shackled
  2503 | D:2      | Reached * piety under Ashenzari
  2987 | D:3      | Found a radiant altar of Vehumet.
  2991 | D:3      | Found a basalt altar of Yredelemnul.
  2992 | D:3      | Found a broken altar of Ashenzari.
  3262 | D:4      | Found a blossoming altar of Fedhas.
  3287 | D:4      | Identified the +8 short sword of the Lonely Teeth {venom,
                  | Int+3}
  3412 | D:4      | Gained mutation: You are partially covered in rugged brown
                  | scales. (AC +1, +3% HP) [demonic ancestry]
  3412 | D:4      | Reached XP level 5. HP: 36/43 MP: 6/6
  3429 | D:4      | Reached skill level 1 in Conjurations
  3431 | D:4      | Reached skill level 4 in Fighting
  3432 | D:4      | Slain by an orc wizard

Illustrated notes

Levels and vault maps discovered:
D:1:      dpeg_arrival_rooms_a, layout_loops_ring, serial_bayou_pond_a,
          lexackson_kobold_supper
D:2:      layout_basic, basic_altar, dreamdust_ecumenical_altar_sealed_demon,
          uniq_jessica
D:3:      layout_basic, minitemple, hangedman_decor_points, kennysheep_donut,
          minivault_4
D:4:      layout_basic, mainiacjoe_overflow_small_starburst,
          minmay_temple_entry_ruins, gammafunk_ghost_grave

Skill      XL: |  1  2  3  4  5 |
---------------+----------------+-----
Fighting       | 2 3 4 |  4.0
Stealth        | 1 2 |  2.7
Conjurations   | 1 |  1.3
Staves         | |  1.7
Throwing       | |  3.6
Armour         | |  1.0
Spellcasting   | |  1.7
Air Magic      | |  1.0

Action                   |  1- 3 |  4- 6 || total
-------------------------+-------+-------++-------
Melee: Quarterstaff      |    93 |    65 ||   158
Invok: Curse Item        |       |     1 ||     1
  Use: Potion            |     1 |     1 ||     2
       Scroll            |       |     8 ||     8
 Stab: Sleeping          |     3 |     2 ||     5
       Distracted        |     1 |       ||     1
Armor: Leather armour    |    49 |    19 ||    68
Dodge: Dodged            |    66 |    28 ||    94

Table legend: (Time is in decaauts)
 A = Elapsed time spent in this place.
 B = Non-inter-level travel time spent in this place.
 C = Inter-level travel time spent in this place.
 D = Time resting spent in this place.
 E = Time spent auto-exploring this place.
 F = Levels seen in this place.
 G = Mean time per level.
                   A        B        C        D        E       F      G
               +--------+--------+--------+--------+--------+-----+--------+
         Total |   3441 |   3200 |    241 |      0 |   2692 |   4 |  860.2 |
       Dungeon |   3441 |   3200 |    241 |      0 |   2692 |   4 |  860.2 |
               +--------+--------+--------+--------+--------+-----+--------+

Top non-repeatable levels by time:
     D:1: 1874 daAuts
     D:3: 729 daAuts
     D:2: 586 daAuts
     D:4: 251 daAuts
